Map: Dreamcatcher LE

Players

Lambo - Winner!

  • Race: Zerg Zerg
  • Spawn Location: 11:00

Namshar

  • Race: Zerg Zerg
  • Spawn Location: 5:00

Event: WCS Austin 2018

VOD

Have the link to the VOD?

Description

Time

  • Played on: June 1, 2018, 5:50 p.m.
  • Length: 8:55

All games in this series

Show
View Real Time Build Order
Export as new Build Order

Lambo Zerg - Winner!

Build Orders: Hatch First 

Get SALT Encoding   

  12  0:00  Drone  
  13  0:13  Overlord  
  13  0:17  Drone  
  14  0:31  Drone x2  
  16  0:48  Hatchery  
  15  0:51  Drone  
  15  0:55  Drone  
  17  0:57  Drone  
  18  1:08  Extractor  
  17  1:13  Spawning Pool  
  17  1:17  Drone  
  17  1:20  Drone  
  18  1:28  Drone  
  19  1:40  Drone  
  20  1:51  Overlord  
  20  2:00  Queen x2  
  26  2:01  Drone x2  
  26  2:12  Drone x2  
  28  2:23  Drone  
  28  2:28  Drone  
  30  2:33  Overlord, Drone  
  31  2:38  Lair  
  31  2:39  Queen  
  31  2:43  Evolution Chamber, Drone  
  33  2:47  Drone  
  34  2:57  Drone x2  
  36  3:01  Extractor  
  36  3:04  Spore Crawler  
  36  3:05  Drone x2  
  36  3:09  Drone x2  
  38  3:13  Roach Warren  
  38  3:21  Zerg Missile Weapons Level 1  
  38  3:30  Queen  
  40  3:36  Overlord  
  40  3:37  Overlord  
  40  3:44  Queen  
  42  3:52  Glial Reconstitution  
  42  3:54  Roach x4  
  50  3:56  Roach  
  50  4:00  Roach  
  54  4:05  Roach x2  
  58  4:14  Roach  
  60  4:18  Overlord x2  
  60  4:24  Overlord  
  60  4:36  Roach x5  
  60  4:38  Roach  
  72  4:41  Roach  
  74  4:46  Roach  
  74  4:49  Roach  
  78  4:55  Roach  
  78  4:58  Roach  
  84  5:01  Overlord  
  84  5:04  Roach  
  84  5:19  Queen  
  84  5:26  Roach x2  
  84  5:27  Roach x2  
  88  5:32  Roach x2  
  86  5:40  Roach x2  
  76  5:43  Queen  
  76  5:50  Roach x2  
  76  6:03  Roach x2  
  74  6:13  Roach x2  
  76  6:26  Roach x2  
  76  6:31  Roach  
  76  6:34  Roach  
  76  6:39  Extractor  
  71  6:44  Roach x2  
  73  6:47  Hatchery  
  70  7:04  Roach x6  
  76  7:09  Roach  
  76  7:15  Roach x2  
  82  7:18  Roach  
  82  7:19  Overlord  
  84  7:27  Roach x2  
  88  7:36  Roach x2  
  92  7:37  Overlord  
  92  7:39  Roach x2  
  92  7:40  Roach  
  92  7:43  Roach  
  100  7:45  Overlord  
  100  7:50  Overlord  
  100  7:56  Roach  
  102  8:00  Roach x2  
  102  8:03  Roach  
  108  8:06  Roach x2  
  108  8:07  Roach  
  108  8:11  Roach  
  116  8:15  Roach  
  112  8:21  Roach  
  112  8:26  Roach  
  102  8:28  Roach  
  102  8:33  Roach  
Show
View Real Time Build Order
Export as new Build Order

Namshar Zerg 

Build Orders: Hatch First 

Get SALT Encoding   

  12  0:00  Drone  
  13  0:12  Overlord  
  13  0:17  Drone  
  14  0:30  Drone x2  
  14  0:34  Drone  
  17  0:50  Hatchery  
  17  0:54  Drone  
  17  0:57  Drone  
  17  1:03  Extractor  
  17  1:12  Spawning Pool  
  17  1:15  Drone  
  18  1:18  Drone  
  18  1:28  Drone  
  19  1:39  Overlord  
  19  1:49  Drone  
  20  1:58  Queen  
  20  2:00  Zergling x2  
  23  2:02  Queen  
  23  2:05  Zergling x2  
  26  2:11  Drone  
  26  2:14  Drone  
  28  2:21  Drone  
  29  2:25  Drone  
  30  2:33  Drone  
  31  2:37  Drone  
  31  2:40  Hatchery  
  31  2:44  Overlord  
  31  2:48  Drone  
  32  2:54  Drone  
  32  2:57  Queen  
  34  3:04  Drone x2  
  35  3:09  Drone x3  
  35  3:10  Drone  
  39  3:14  Overlord  
  39  3:17  Drone x2  
  41  3:21  Drone x2  
  41  3:22  Evolution Chamber  
  42  3:27  Roach Warren  
  42  3:31  Overlord  
  42  3:34  Drone  
  42  3:36  Extractor  
  42  3:40  Drone  
  42  3:41  Drone x2  
  44  3:42  Drone  
  44  3:43  Extractor  
  44  3:46  Drone x2  
  46  3:50  Zerg Missile Weapons Level 1  
  46  3:53  Drone  
  47  4:01  Overlord  
  47  4:11  Roach x3  
  47  4:12  Roach  
  47  4:16  Overlord  
  55  4:18  Roach x4  
  55  4:23  Roach  
  65  4:25  Roach x2  
  65  4:29  Overlord  
  69  4:31  Overlord  
  69  4:34  Roach  
  71  4:41  Roach  
  71  4:42  Roach x2  
  71  4:45  Overlord  
  77  4:47  Overlord  
  77  4:50  Drone  
  78  4:53  Roach  
  78  4:54  Roach  
  78  4:56  Ravager  
  78  4:58  Roach  
  78  4:59  Roach  
  87  5:02  Roach  
  87  5:04  Roach  
  91  5:08  Lair  
  91  5:12  Roach  
  93  5:14  Roach  
  91  5:24  Roach x3  
  89  5:30  Roach  
  89  5:31  Roach  
  89  5:32  Roach  
  89  5:33  Zergling x6  
  86  5:38  Roach, Zergling x4  
  73  5:43  Roach, Zergling x2  
  73  5:47  Zergling x2  
  73  5:48  Roach, Zergling x2  
  74  5:55  Roach x3  
  71  6:04  Roach x2  
  71  6:09  Roach x2  
  76  6:17  Roach  
  76  6:18  Roach  
  75  6:27  Roach x3  
  75  6:35  Roach x2, Queen  
  75  6:42  Roach x2  
  75  6:43  Queen  
  75  6:47  Roach  
  76  6:49  Roach  
  76  6:51  Roach  
  78  7:04  Glial Reconstitution  
  78  7:07  Drone x2  
  78  7:08  Drone  
  79  7:17  Hatchery  
  79  7:19  Overlord  
  78  7:23  Drone  
  78  7:28  Overlord  
  79  7:30  Roach  
  79  7:31  Roach  
  79  7:33  Roach  
  85  7:39  Overlord  
  85  7:41  Roach  
  87  7:45  Overlord  
  87  7:46  Roach  
  87  7:47  Roach  
  91  7:53  Roach x3  
  91  7:56  Roach  
  91  7:58  Roach  
  101  8:03  Roach  
  103  8:10  Roach  
  105  8:14  Queen  
  103  8:23  Roach x5  
  103  8:26  Roach  
  93  8:31  Roach x2  
Tags
 
Add a new tag
Caveats
  • Supply blocks, unpowered buildings, or Contaminate may cause inaccurate times.
  • Supply counts are checked every 10 seconds.